 Dungeon Crawl Stone Soup version 0.18-a0-382-gd7addec (webtiles) character file.

410 Mindmaker the Slasher (level 7, 52/52 HPs)
             Began as a Human Fighter on Nov 30, 2015.
             Was a Follower of Qazlal.
             Quit the game on level 3 of the Dungeon.
             The game lasted 00:26:20 (3649 turns).

Mindmaker the Slasher (Human Fighter)               Turns: 3649, Time: 00:26:20

Health: 52/52      AC:  8    Str: 16    XL:     7   Next: 13%
Magic:  7/7        EV:  8    Int:  9    God:    Qazlal [*.....]
Gold:   122        SH: 10    Dex: 14    Spells: 0 memorised, 6 levels left

rFire  . . .     SeeInvis .     b - +3 spear
rCold  . . .     Clarity  .     p - +0 scale mail
rNeg   . . .     SustAt   .     c - +0 shield
rPois  .         Gourm    .     h - +2 hat
rElec  .         Spirit   .     (no cloak)
rCorr  .         Warding  .     (no gloves)
rMut   .         Stasis   .     (no boots)
MR     .....                    (no amulet)
Stlth  ..........               m - ring of loudness (curse)
                                (no ring)

@: not resistant to hostile enchantments, extremely unstealthy
A: no striking features
a: Renounce Religion


You were on level 3 of the Dungeon.
You worshipped Qazlal.
Qazlal was aware of your devotion.
You were not hungry.

You visited 1 branch of the dungeon, and saw 3 of its levels.

You collected 122 gold pieces.

Inventory:

Hand Weapons
 b - a +3 spear (weapon)
Missiles
 v - 5 tomahawks
Armour
 c - a +0 shield (worn)
 h - a +2 hat (worn)
 p - a +0 scale mail (worn)
 w - a +0 chain mail
Jewellery
 m - a cursed ring of loudness (right hand)
 n - an uncursed ring of fire
 q - an uncursed ring of fire
Wands
 l - a wand of digging (10)
 o - a wand of fireball (15)
Scrolls
 a - 2 scrolls of identify
 k - a scroll of remove curse
 r - a scroll of teleportation
Potions
 d - a potion of might
 i - 2 potions of heal wounds {unknown}
 j - 3 potions of curing
 u - a potion of haste
Comestibles
 e - 2 bread rations (quivered)
 f - a beef jerky
 s - a slice of pizza


   Skills:
 - Level 3.0 Fighting
   Level 4.2 Long Blades
 + Level 4.2 Polearms
 - Level 3.0 Armour
 - Level 3.2 Dodging
 - Level 3.0 Shields


You had 6 spell levels left.
You didn't know any spells.

Dungeon Overview and Level Annotations

Branches:
Dungeon (3/15)

Altars:
Fedhas
Qazlal
Vehumet

Annotations:
D:2 translucent rock vault


Message History

You continue eating. x2
You see here 13 arrows.
You see here a stone.
You see here 2 stones.
There is an open gate here.
You see here 4 stones.
There is an open door here.
There is an open door here.
Done exploring.
Done exploring.
Search for what [Enter for "."]? .
Quiver which item? (- for none, * to show all) (? for menu, Esc to quit)
You don't have any such object.
Quiver which item? (- for none, * to show all) (? for menu, Esc to quit)
Quivering
e - 2 bread rations for throwing.
Quiver which item? (- for none, * to show all) (? for menu, Esc to quit)
Okay, then.
Quiver which item? (- for none, * to show all) (? for menu, Esc to quit)
Okay, then.
Are you sure you want to abandon this character and quit the game? (Confirm with "yes".)

##≈≈≈≈..(≈≈≈≈<...##..# #.#.
#≈≈≈##''(##≈≈≈≈≈≈##..# #.#.
#≈≈≈#..)).#≈≈≈≈≈≈≈#..#########.#.
#...#.....#.....≈≈≈............#.
#...#.....#......≈≈.##########.#.
##)##.....##'##..≈≈(############.
#...#.....#...#..≈≈..............
#...#.....#...#..≈≈##############
#.(.#.....#...#.@≈≈#
##(##.....##'##..≈≈#
#...)).......#...≈≈#
#...)........#...≈≈#
#...##########...≈≈#
#...#.......#####≈≈#
#..)')†.....'..|#≈≈#
#...'.......#=.!#≈≈#
#################***


There were no monsters in sight!

Vanquished Creatures
  The ghost of Raymar the Skirmisher, an amateur DsFi (D:3)
  Ijyb (D:2)
  Jessica (D:2)
  Terence (D:2)
  Robin (D:3)
  An adder (D:2)
  2 oozes (D:2)
  3 worms
  2 giant geckos (D:3)
  5 orcs (D:3)
  4 bats
  4 giant cockroaches
  17 goblins
  12 hobgoblins
  5 jackals
  13 kobolds
  2 ball pythons
  5 giant newts
  A quokka (D:3)
  7 rats
88 creatures vanquished.

Notes
Turn   | Place    | Note
--------------------------------------------------------------
     0 | D:1      | Mindmaker the Human Fighter began the quest for the Orb.
     0 | D:1      | Reached XP level 1. HP: 18/18 MP: 1/1
    96 | D:1      | Reached skill level 1 in Dodging
   208 | D:1      | Reached XP level 2. HP: 22/24 MP: 2/2
   520 | D:1      | Reached XP level 3. HP: 27/29 MP: 3/3
  1069 | D:2      | Noticed Jessica
  1252 | D:2      | Noticed Terence
  1287 | D:2      | Killed Terence
  1287 | D:2      | Reached XP level 4. HP: 35/35 MP: 4/4
  1529 | D:2      | Killed Jessica
  1529 | D:2      | Reached skill level 4 in Long Blades
  1529 | D:2      | Reached XP level 5. HP: 41/41 MP: 5/5
  1991 | D:2      | Noticed Ijyb
  2015 | D:2      | Killed Ijyb
  2269 | D:3      | Noticed Raymar's ghost (amateur DsFi)
  2584 | D:3      | Found a radiant altar of Vehumet.
  2725 | D:3      | Found a stormy altar of Qazlal.
  2738 | D:3      | Became a worshipper of Qazlal Stormbringer
  2753 | D:3      | Found a blossoming altar of Fedhas.
  3004 | D:3      | Noticed Robin
  3014 | D:3      | Reached skill level 1 in Polearms
  3021 | D:3      | Reached XP level 6. HP: 47/47 MP: 6/6
  3046 | D:3      | Killed Robin
  3048 | D:3      | Reached * piety under Qazlal
  3218 | D:3      | Killed Raymar's ghost
  3218 | D:3      | Reached XP level 7. HP: 11/52 MP: 7/7
  3649 | D:3      | Quit the game

Vault maps used:
D:1:      dpeg_arrival_simpleton_b
D:2:      due_unseen_surprise, uniq_terence, uniq_jessica, uniq_iyjb
D:3:      kennysheep_goblin_castle, old_standard_altar, fedhas_altar_3,
          old_standard_altar

Action                   |  1- 3 |  4- 6 |  7- 9 || total
-------------------------+-------+-------+-------++-------
Melee: Long sword        |   131 |   116 |       ||   247
       Spear             |       |   125 |     3 ||   128
Evoke: Wand              |       |     1 |       ||     1
  Use: Scroll            |       |    12 |     1 ||    13
  Eat: Chunk             |     1 |     7 |     1 ||     9
